 Dungeon Crawl Stone Soup version 0.28.0-47-ge53b351184 (webtiles) character file.

Game seed: 6341093602985645916

174 CryoSword the Stinger (level 5, 0/35 HPs)
             Began as a Demonspawn Venom Mage on Apr 26, 2022.
             Slain by an orc priest
             ... wielding a +0 short sword
              (4 damage)
             ... on level 2 of the Dungeon.
             The game lasted 00:04:52 (4324 turns).

CryoSword the Stinger (Demonspawn Venom Mage)       Turns: 4324, Time: 00:04:54

Health: 0/35       AC:  2    Str: 10    XL:     5   Next: 28%
Magic:  2/8        EV: 12    Int: 16    God:
Gold:   132        SH:  0    Dex: 14    Spells: 2/8 levels left

rFire   . . .      SeeInvis .     - Unarmed
rCold   . . .      Faith    .   (no shield)
rNeg    . . .      Spirit   .   a - +0 robe
rPois   .          Reflect  .   (helmet restricted)
rElec   .          Harm     .   (no cloak)
rCorr   .          Rampage  .   (no gloves)
Will    .....                   (no boots)
Stlth   ++........              f - amulet of the acrobat
HPRegen 0.11/turn               (no ring)
MPRegen 0.11/turn               (no ring)

@: very slightly contaminated
A: antennae 1, claws 1
a: no special abilities


You were on level 2 of the Dungeon.
You visited 1 branch of the dungeon, and saw 3 of its levels.

You collected 132 gold pieces.

Inventory:

Hand Weapons
 k - the +5 dagger "Kegam" {vamp, rPois Int-3 Stlth+}
   (You found it on level 2 of the Dungeon)

   It occasionally heals its wielder for a portion of the damage dealt when it
   wounds a living foe.
   Int:       It affects your intelligence (-3).
   rPois:     It protects you from poison.
   Stlth:     It makes you more stealthy.
Armour
 a - a +0 robe (worn)
Jewellery
 f - an amulet of the acrobat (around neck)
   (You found it on level 1 of the Dungeon)
 j - a ring of poison resistance
   (You found it on level 2 of the Dungeon)
Scrolls
 b - a scroll of fog {unknown}
 c - a scroll of fear
 g - a scroll of teleportation {unknown}
 m - a scroll of amnesia
 n - a scroll of enchant armour {unknown}
 o - a scroll of identify {@r1}
 p - a scroll of holy word {unknown}
 q - a scroll of blinking {unknown}
Potions
 d - a potion of curing {unknown}
 e - a potion of mutation {unknown}
 h - a potion of brilliance {unknown}
 i - 2 potions of flight
 l - a potion of degeneration {unknown}
 r - a potion of magic {unknown}


   Skills:
 - Level 1.7 Dodging
 - Level 1.7 Stealth
 * Level 2.4 Unarmed Combat
 - Level 2.0 Spellcasting
 + Level 2.2 Transmutations
 * Level 4.6 Poison Magic


You had 2 spell levels left.
You knew the following spells:

 Your Spells              Type           Power      Damage    Failure   Level
a - Sting                 Tmut/Pois      48%        1d5       5%          1
b - Poisonous Vapours     Pois/Air       16%        N/A       12%         2
C - Mephitic Cloud        Conj/Pois/Air  6%         N/A       32%         3

Your spell library contained the following spells:

 Spells                   Type           Power      Damage    Failure   Level
 Freeze                   Ice            4%         1d3       21%         1
 Olgreb's Toxic Radiance  Pois           16%        N/A       30%         4
 Frozen Ramparts          Ice            2%         1d2       52%         3
 Hailstorm                Conj/Ice       1%         3d3       90%         4


Dungeon Overview and Level Annotations

Branches:
Dungeon (3/15)

Altars:


Innate Abilities, Weirdness & Mutations

You have a pair of small antennae on your head.
You have sharp fingernails.


Message History

An orc is nearby!
The orc shouts!
Aim: an orc, wielding a +0 dagger and wearing a +0 leather armour (71% to hit)
The sting misses the orc.
The orc closely misses you.
Aim: an orc, wielding a +0 dagger and wearing a +0 leather armour (71% to hit)
The sting hits the orc.
The orc is poisoned.
The orc hits you but does no damage.
Aim: an orc, wielding a +0 dagger and wearing a +0 leather armour (almost dead, poisoned, 71% to hit)
The sting misses the orc.
You kill the orc!
No target in view!
Things that are here:
a +0 dagger; a +0 leather armour You sense a monster nearby.
Things that are here:
a +0 dagger; a +0 leather armour A bat comes into view.
Found a grey potion.
You see here 27 stones.
A bat is nearby!
A bat is nearby!
The bat hits you but does no damage.
Aim: a bat (57% to hit)
The sting hits the bat.
The bat is poisoned.
You kill the bat!
That beam is likely to hit you.
Continue anyway?
Okay, then.
An adder comes into view.
An adder is nearby!
An adder is nearby!
An adder is nearby!
The adder hisses angrily.
Aim: an adder (53% to hit)
The sting hits the adder.
The adder is poisoned.
Aim: an adder (heavily wounded, poisoned, 53% to hit)
The sting hits the adder.
The adder looks even sicker.
The adder barely misses you.
You closely miss the adder. The adder bites you but does no damage.
Unknown command.
Aim: an adder (heavily wounded, very poisoned, 53% to hit)
The sting hits the adder but does no damage.
The adder looks even sicker.
The adder closely misses you.
You barely miss the adder. The adder misses you. The adder bites you.
You are poisoned.
The adder poisons you!
Aim: an adder (heavily wounded, very poisoned, 53% to hit)
The sting hits the adder.
The adder looks as sick as possible!
You feel sick.
You kill the adder!
You feel sick.
You feel sick.
You feel sick.
You are no longer poisoned.
r - a grey potion An adder comes into view.
An adder is nearby!
An adder is nearby!
An adder is nearby!
Aim: an adder (asleep) Poisonous vapours surround the adder!
The adder is poisoned.
The adder hisses angrily.
That would be overly suicidal.
Okay, then.
Unknown command.
Aim: an adder (lightly wounded, poisoned) Poisonous vapours surround the adder!
The adder looks even sicker.
Aim: an adder (lightly wounded, very poisoned) Poisonous vapours surround the adder!
The adder looks even sicker.
Aim: an adder (moderately wounded, very poisoned, 53% to hit)
The sting hits the adder.
The adder looks as sick as possible!
The adder misses you.
You scratch the adder. The adder closely misses you. The adder bites you.
You scratch the adder.
You kill the adder!
No target in view!
A rat comes into view.
A rat is nearby!
A rat is nearby!
A rat is nearby!
Aim: a rat (asleep) Poisonous vapours surround the rat!
The rat is poisoned.
Aim: a rat (severely wounded, poisoned) Poisonous vapours surround the rat!
The rat looks even sicker.
Found a stone staircase leading down.
You kill the rat!
No target in view!
No target in view!
A gnoll comes into view. It is wielding a +0 spear.
A gnoll is nearby!
A gnoll is nearby!
Aim: a gnoll, wielding a +0 spear (wandering, hasn't noticed you) Poisonous vapours surround the gnoll!
The gnoll is poisoned.
The gnoll shouts!
You hear a shout!
Aim: a gnoll, wielding a +0 spear (lightly wounded, poisoned) Poisonous vapours surround the gnoll!
The gnoll looks even sicker.
An orc comes into view. It is wielding a +0 mace.
The gnoll hits you from afar with a +0 spear.
Aim: a gnoll, wielding a +0 spear (moderately wounded, very poisoned, 75% to hit)
The sting hits the gnoll.
The gnoll looks even sicker.
The orc shouts!
You hear a shout!
An orc wizard comes into view. It is wielding a +0 dagger.
The gnoll hits you from afar with a +0 spear.
An orc priest comes into view. It is wielding a +0 short sword.
You kill the gnoll!
A gnoll opens the door.
The orc priest calls down the wrath of Beogh upon you.
Beogh smites you!
* * * LOW HITPOINT WARNING * * *
The orc priest miscasts a cantrip.
There is a stone staircase leading down here.
You see here a hound skeleton.
There is a stone staircase leading up here.
You climb upwards.
There is a stone staircase leading down here.
You start resting.
You start resting.
You climb downwards.
The orc hits you with a +0 mace. The orc closely misses you.
There is a stone staircase leading up here.
Aim: an orc, wielding a +0 mace (71% to hit)
The sting hits the orc.
The orc is poisoned.
The orc hits you with a +0 mace!
You are too injured to fight recklessly!
You are too injured to fight recklessly!
Aim: an orc, wielding a +0 mace (moderately wounded, poisoned) Poisonous vapours surround the orc!
The orc looks even sicker.
The orc barely misses you.
You closely miss the orc. You closely miss the orc.
The orc hits you with a +0 mace.
Aim: an orc, wielding a +0 mace (lightly wounded, very poisoned, 71% to hit)
The sting misses the orc.
The orc hits you with a +0 mace!
* * * LOW HITPOINT WARNING * * *
The orc priest closely misses you.
You climb upwards.
There is a stone staircase leading down here.
Aim: an orc priest, wielding a +0 short sword and wearing a +0 leather armour (71% to hit)
The sting misses the orc priest.
You kill the orc!
The orc priest looks satisfied for a moment.
Aim: an orc priest, wielding a +0 short sword and wearing a +0 leather armour (71% to hit)
The sting hits the orc priest but does no damage.
The orc priest is poisoned.
The orc priest calls down the wrath of Beogh upon you.
Pain shoots through your body!
* * * LOW HITPOINT WARNING * * *
Aim: an orc priest, wielding a +0 short sword and wearing a +0 leather armour (lightly wounded, poisoned, 71% to hit)
You miscast Sting.
You are very lightly contaminated with residual magic.
Nothing appears to happen.
The orc priest hits you with a +0 short sword.
You die...

#.# ##.รท...##
#.##########.......#
#..................#
###................#
# #.#######.#.....##
## ###.#####
#.##...## .##
#.......###.###.##
..##
#.#......<..)...#
...#
#.#.......o@###.#
...# #.#.###.#####
#.# ...###.#.#
#.#######.#
.......#.#
#>........#
..######.#
###########
#........#
##########


You could see an orc priest (poisoned).

Vanquished Creatures
  A hound (D:3)
  A gnoll (D:3)
  6 adders
  A worm (D:2)
  3 dart slugs
  2 orcs
  3 ball pythons
  9 endoplasms
  A giant cockroach (D:2)
  6 goblins
  6 hobgoblins
  2 jackals (D:1)
  10 kobolds
  2 quokkas
  8 bats
  A frilled lizard (D:2)
  6 rats
68 creatures vanquished.

Notes
Turn   | Place    | Note
-------+----------+-------------------------------------------
     0 | D:1      | CryoSword the Demonspawn Venom Mage began the quest for the
                  | Orb.
     0 | D:1      | Reached XP level 1. HP: 13/13 MP: 3/3
    79 | D:1      | Reached skill level 1 in Transmutations
   590 | D:1      | Discovered your monstrous ancestry.
   590 | D:1      | Gained mutation: You have sharp fingernails. [demonic
                  | ancestry]
   590 | D:1      | Reached XP level 2. HP: 16/19 MP: 1/5
   919 | D:1      | Found a faded altar of an unknown god.
  1604 | D:1      | Reached XP level 3. HP: 11/24 MP: 2/6
  1609 | D:1      | Reached skill level 1 in Unarmed Combat
  1854 | D:1      | Learned a level 2 spell: Poisonous Vapours
  1858 | D:1      | Learned a level 3 spell: Mephitic Cloud
  2297 | D:2      | Identified the +5 dagger "Kegam" {vamp, rPois Int-3 Stlth+}
  2503 | D:2      | Reached skill level 4 in Poison Magic
  2717 | D:2      | Gained mutation: You have a pair of small antennae on your
                  | head. [demonic ancestry]
  2717 | D:2      | Reached XP level 4. HP: 30/30 MP: 5/7
  3724 | D:3      | Reached XP level 5. HP: 31/35 MP: 5/8
  4324 | D:2      | Slain by an orc priest

Illustrated notes

Levels and vault maps discovered:
D:1:      dpeg_arrival_round_b, layout_basic,
          shapermc_ecumenical_altar_mp_highgroup, minmay_bisected
D:2:      layout_loops_ring, minmay_circle_x
D:3:      layout_basic, chei_slow_surprise, vehumet_statue, grunt_ministairs_5

Skill      XL: |  1  2  3  4 |
---------------+-------------+-----
Transmutations | 1 2 |  2.2
Unarmed Combat | 1 2 |  2.4
Poison Magic   | 4 |  4.6
Dodging        | |  1.7
Stealth        | |  1.7
Spellcasting   | |  2.0

Action                   |  1- 3 |  4- 6 || total
-------------------------+-------+-------++-------
Melee: Dagger            |    13 |       ||    13
       Unarmed           |    71 |    33 ||   104
       Punch             |     3 |       ||     3
 Cast: Sting             |    62 |    42 ||   104
       Poisonous Vapours |     6 |     9 ||    15
  Use: Scroll            |     4 |       ||     4
 Stab: Sleeping          |     3 |       ||     3
       Distracted        |       |     1 ||     1
Armor: Robe              |    21 |     9 ||    30
Dodge: Dodged            |    87 |    59 ||   146
